 Dungeon Crawl Stone Soup version 0.23.2-33-g5129a83184 (webtiles) character file.

Game seed: 2545964685999067686

29 Mattiprrivan the Sneak (level 3, -7/22 HPs)
             Began as an Octopode Assassin on June 28, 2019.
             Was an Initiate of Hepliaklqana.
             Mangled by an iguana (14 damage)
             ... on level 2 of the Dungeon.
             The game lasted 00:17:03 (819 turns).

Mattiprrivan the Sneak (Octopode Assassin)           Turns: 819, Time: 00:17:04

Health: -7/22      AC:  1    Str: 10    XL:     3   Next: 16%
Magic:  3/3        EV: 13    Int: 13    God:    Hepliaklqana [......]
Gold:   17         SH:  0    Dex: 14    Spells: 2/2 levels left

rFire    . . .     SeeInvis .   a - +2 dagger
rCold    . . .     Gourm    .   (no shield)
rNeg     . . .     Faith    .   (helmet restricted)
rPois    .         Spirit   .   (no amulet)
rElec    .         Reflect  .   (no ring)
rCorr    .         Harm     .   (no ring)
MR       .....                  (no ring)
Stlth    ++++......             (no ring)
HPRegen  0.07/turn              (no ring)
MPRegen  0.08/turn              (no ring)
                                (no ring)
                                (no ring)

@: no status effects
A: almost no armour, stealthy swim, amphibious, 8 rings, constrict 8, reduced
essence, camouflage 1, gelatinous body 1
a: Recall Ancestor, Ancestor Identity, Renounce Religion


You were on level 2 of the Dungeon.
You worshipped Hepliaklqana.
Hepliaklqana was noncommittal.
You were very full.

You visited 1 branch of the dungeon, and saw 2 of its levels.

You collected 17 gold pieces.

Inventory:

Hand Weapons
 a - a +2 dagger (weapon)
 b - a +0 blowgun
Missiles
 c - 8 poisoned needles
 d - 2 curare-tipped needles


   Skills:
 + Level 2.3 Fighting
 * Level 2.1 Short Blades
 * Level 2.4 Throwing
 + Level 1.0 Dodging
 * Level 6.0 Stealth


You had 2 spell levels left.
You didn't know any spells.
Your spell library was empty.

Dungeon Overview and Level Annotations

Branches:
Dungeon (2/15)

Altars:
Ashenzari
Hepliaklqana


Innate Abilities, Weirdness & Mutations

You cannot wear most types of armour.
You are very stealthy in the water. (Stealth+)
You are amphibious.
You can wear up to eight rings at the same time.
You can use your tentacles to constrict eight enemies at once.
Your skin changes colour to match your surroundings (Stealth+).
Your rubbery body absorbs attacks. (AC +1, EV +1)
Your life essence is reduced to manifest your ancestor. (-10% HP)


Message History

Describe a (M)onster, (S)pell, s(K)ill, (A)bility, (C)ard, (I)tem, (F)eature, (G)od, (B)ranch, c(L)oud or s(T)atus?
Okay, then.
You barely miss the iguana. You grab the iguana.
The iguana is moderately wounded.
You constrict the iguana. The iguana completely misses you.
(D) Dungeon
Where to? (Enter - D:2 @ (x,y), ? - help)
An iguana is nearby!
Unknown command.
Unknown command.
You hit the iguana.
The iguana is heavily wounded.
You constrict the iguana, but do no damage.
The iguana barely misses you.
You hit the iguana.
The iguana is heavily wounded.
You constrict the iguana, but do no damage.
The iguana bites you!
Ouch! That really hurt!
You die...

##########
#........#
#........#
#........#
#........#
#######........#
#..............# #
#..............#
.##.........>.l@.#
.........).#######
##.......## .
##.......#
..#........#
##........##
.##......##
..###..###
...#...#


You could see an iguana.

Vanquished Creatures
  An ooze (D:1)
  A giant cockroach (D:1)
  2 goblins (D:1)
  6 hobgoblins (D:1)
  6 jackals (D:1)
  2 kobolds
  2 rats (D:1)
20 creatures vanquished.

Vanquished Creatures (others)
  An ancestor (D:2)
1 creature vanquished.

Grand Total: 21 creatures vanquished

Notes
Turn   | Place    | Note
-------+----------+-------------------------------------------
     0 | D:1      | Mattiprrivan the Octopode Assassin began the quest for the
                  | Orb.
     0 | D:1      | Reached XP level 1. HP: 14/14 MP: 1/1
   105 | D:1      | Reached XP level 2. HP: 16/19 MP: 2/2
   275 | D:1      | Reached XP level 3. HP: 6/25 MP: 3/3
   285 | D:1      | Found a shattered altar of Ashenzari.
   516 | D:1      | Reached skill level 6 in Stealth
   563 | D:1      | You fall through a shaft!
   592 | D:2      | Found a hazy altar of Hepliaklqana.
   601 | D:2      | Became a worshipper of Hepliaklqana the Forgotten
   819 | D:2      | Mangled by an iguana

Skill      XL: |  1  2  3 |
---------------+----------+-----
Stealth        | 6 |  6.0
Fighting       | |  2.3
Short Blades   | |  2.1
Throwing       | |  2.4
Dodging        | |  1.0

Action                   || total
-------------------------++-------
Melee: Dagger            ||    50
       Constrict         ||    16
       Tentacles         ||    10
 Fire: Blowgun           ||     9
  Use: Potion            ||     4
       Scroll            ||     2
  Eat: Ration            ||     2
Armor: Skin              ||     1
Dodge: Dodged            ||    22
